 Dungeon Crawl Stone Soup version 0.23-b1-6-ga921848 (webtiles) character file.

Game seed: 9842761108062908381

19 Monsterracer the Skirmisher (level 2, -2/19 HPs)
             Began as a Gargoyle Monk on Feb 2, 2019.
             Slain by an ooze (4 damage)
             ... on level 1 of the Dungeon.
             The game lasted 00:00:10 (32 turns).

Monsterracer the Skirmisher (Gargoyle Monk)           Turns: 32, Time: 00:00:11

Health: -2/19      AC:  4    Str: 14    XL:     2   Next: 75%
Magic:  2/2        EV: 13    Int: 10    God:
Gold:   0          SH:  0    Dex: 12    Spells: 1/1 levels left

rFire    . . .     SeeInvis .   a - +0 hand axe
rCold    . . .     Gourm    .   (no shield)
rNeg     + . .     Faith    .   b - +0 robe
rPois    ∞         Spirit   .   (no helmet)
rElec    +         Reflect  .   (no cloak)
rCorr    .         Harm     .   (no gloves)
MR       .....                  (no boots)
Stlth    ++........             (no amulet)
HPRegen  0.06/turn              (no ring)
MPRegen  0.08/turn              (no ring)

@: no status effects
A: negative energy resistance 1, electricity resistance, unbreathing,
petrification resistance, rot immunity, AC +2
a: no special abilities


You were on level 1 of the Dungeon.
You were not hungry.

You visited 1 branch of the dungeon, and saw 1 of its levels.

Inventory:

Hand Weapons
 a - a +0 hand axe (weapon)
Armour
 b - a +0 robe (worn)
Comestibles
 c - a ration


   Skills:
 + Level 3.5 Fighting
 * Level 3.1 Axes
 + Level 0.9 Armour
 + Level 2.6 Dodging
 - Level 2.1 Stealth


You had one spell level left.
You didn't know any spells.
Your spell library was empty.

Dungeon Overview and Level Annotations

Branches:
Dungeon (1/15)

Altars:


Innate Abilities, Weirdness & Mutations

You are resistant to torment.
Your stone body is resilient. (AC +2)
You are immune to poison.
You resist negative energy. (rN+)
You are resistant to electric shocks. (rElec)
You can survive without breathing.
You are immune to petrification.
You are immune to rotting.


Message History

You kill the jackal!
The jackal barely misses you. The jackal misses you.
The giant cockroach barely misses you.
The jackal stops to sniff the ground.
The jackal closely misses you. The jackal misses you.
You hit the jackal but do no damage.
The jackal is almost dead.
You barely miss the giant cockroach. You hit the jackal.
You kill the jackal!
The giant cockroach closely misses you.
The jackal bites you but does no damage.
The giant cockroach closely misses you. The jackal barely misses you.
You see here a jackal corpse.
You slash the jackal!
You kill the jackal!
You hit the giant cockroach.
You kill the giant cockroach!
You hit the jackal.
The jackal bites you but does no damage.
The jackal closely misses you.
You hit the jackal.
You kill the jackal!
You have reached level 2!
You barely miss the jackal.
The jackal bites you but does no damage. x2
You regained 3 hp, and now have 11/19 hp.
MP restored: 2 You hit the ooze.
The ooze is lightly wounded.
You hit the jackal.
You kill the jackal!
The ooze barely misses you.
You hit the ooze.
The ooze is moderately wounded.
The ooze hits you.
The ooze jiggles.
The ooze barely misses you.
You take 1 damage, and have 10/19 hp.
You hit the ooze.
The ooze is heavily wounded.
The ooze jiggles.
The ooze hits you.
You take 3 damage, and have 7/19 hp.
You hit the ooze but do no damage.
The ooze is heavily wounded.
The ooze hits you but does no damage.
You hit the ooze.
The ooze is severely wounded.
The ooze hits you.
You slash the ooze!
You kill the ooze!
Your Axes skill increases to level 3!
You closely miss the giant cockroach. The giant cockroach barely misses you.
The jackal stops to sniff the ground.
The giant cockroach bites you but does no damage.
You hit the giant cockroach.
The giant cockroach is almost dead.
The giant cockroach bites you but does no damage.
You barely miss the giant cockroach.
The giant cockroach is almost dead.
The giant cockroach closely misses you. The giant cockroach barely misses you.
You hit the giant cockroach.
You kill the giant cockroach!
The ooze jiggles.
You hit the ooze.
The ooze is moderately wounded.
The ooze barely misses you.
You slash the ooze!
The ooze is almost dead.
The rat twitches its whiskers.
The ooze barely misses you.
You hit the ooze.
You kill the ooze!
You hit the ooze.
The ooze is lightly wounded.
The ooze hits you. The ooze closely misses you.
You take 1 damage, and have 6/19 hp.
You hit the ooze.
The ooze is severely wounded.
The ooze hits you.
* * * LOW HITPOINT WARNING * * *
You take 2 damage, and have 4/19 hp.
You hit the ooze but do no damage.
The ooze is severely wounded.
The ooze hits you.
* * * LOW HITPOINT WARNING * * *
You take 1 damage, and have 3/19 hp.
You hit the ooze.
The ooze is almost dead.
The ooze barely misses you.
You hit the ooze but do no damage.
The ooze is almost dead.
The ooze hits you.
* * * LOW HITPOINT WARNING * * *
You take 1 damage, and have 2/19 hp.
You barely miss the ooze.
The ooze is almost dead.
The ooze hits you.
You die...

###+#######+###
#..⌠...>...⌠..#
#......<......#
+⌠....###....⌠+
#......@†.....#
#######J#######
#.....rJrh....#
#......Jr.....#
#.............#
###############


You could see 3 oozes, a jackal and 3 rats.

Vanquished Creatures
  2 oozes (D:1)
  2 giant cockroaches (D:1)
  5 jackals (D:1)
9 creatures vanquished.

Notes
Turn   | Place    | Note
-------+----------+-------------------------------------------
     0 | D:1      | Monsterracer the Gargoyle Monk began the quest for the Orb.
     0 | D:1      | Reached XP level 1. HP: 14/14 MP: 1/1
     1 | D:1      | Found a runed translucent door.
    13 | D:1      | Reached XP level 2. HP: 11/19 MP: 2/2
    32 | D:1      | Slain by an ooze

Skill      XL: |  1  2 |
---------------+-------+-----
Axes           | 3 |  3.1
Fighting       | |  3.5
Armour         | |  0.9
Dodging        | |  2.6
Stealth        | |  2.1

Action                   || total
-------------------------++-------
Melee: Hand axe          ||    26
Armor: Robe              ||    10
Dodge: Dodged            ||    27

Vault maps used:
D:1:      dpeg_arrival_caged_fury
